Map: Usina Ácida LE

Players

IagoAbreu - Winner!

  • Race: Protoss Protoss
  • League: Gold
  • Spawn Location: 5:00

NotMedo

  • Race: Terran Terran
  • League: Silver
  • Spawn Location: 11:00

VOD

Have the link to the VOD?

Description

Time

  • Played on: March 29, 2018, 1:46 p.m.
  • Length: 13:28
Show
View Real Time Build Order
Export as new Build Order

IagoAbreu Protoss - Winner!

Build Orders: 1 Gate Expand, Zealot Archon 

Get SALT Encoding   

  12  0:02  Probe (Chrono Boost)  
  14  0:14  Probe (Chrono Boost)  
  14  0:20  Pylon  
  14  0:23  Probe (Chrono Boost)  
  15  0:38  Probe  
  16  0:48  Gateway  
  16  0:50  Probe  
  17  1:02  Assimilator, Probe  
  18  1:20  Nexus  
  18  1:23  Probe  
  19  1:36  Probe (Chrono Boost)  
  20  1:43  Assimilator  
  20  1:45  Probe (Chrono Boost)  
  21  1:50  Probe (Chrono Boost)  
  22  1:55  Cybernetics Core  
  22  2:08  Pylon  
  22  2:30  Stalker (Chrono Boost)  
  24  2:43  Probe (Chrono Boost)  
  25  2:53  Stalker, Probe (Chrono Boost), Shield Battery  
  25  2:58  Probe (Chrono Boost)  
  28  3:04  Forge  
  29  3:09  Probe  
  29  3:11  Pylon  
  30  3:14  Probe  
  31  3:26  Probe  
  32  3:37  Twilight Council  
  32  3:39  Pylon  
  32  3:47  Robotics Facility  
  32  3:54  Probe  
  33  3:58  Adept (Chrono Boost)  
  33  4:02  Probe  
  36  4:10  Probe  
  36  4:16  Adept  
  37  4:18  Dark Shrine  
  39  4:45  Warp Prism (Chrono Boost)  
  41  4:54  Gateway, Warp Gate (Chrono Boost)  
  41  4:56  Gateway  
  41  5:08  Stalker (Chrono Boost)  
  43  5:15  Observer (Chrono Boost), Assimilator  
  43  5:18  Assimilator  
  44  5:29  Resonating Glaives  
  44  5:33  Observer  
  44  5:35  Dark Templar (Chrono Boost)  
  47  5:48  Dark Templar  
  49  5:58  Dark Templar  
  51  6:07  Dark Templar  
  53  6:13  Probe (Chrono Boost)  
  54  6:23  Probe (Chrono Boost)  
  55  6:28  Probe (Chrono Boost)  
  56  6:33  Observer  
  56  6:39  Probe  
  58  6:52  Probe  
  59  6:58  Pylon  
  59  7:13  Dark Templar  
  61  7:19  Archon  
  61  7:23  Warp Prism (Chrono Boost)  
  61  7:28  Dark Templar x2  
  67  7:37  Archon  
  67  7:49  Dark Templar  
  69  8:07  Pylon  
  69  8:09  Pylon  
  69  8:10  Pylon  
  69  8:24  Warp Prism  
  71  9:21  Dark Templar x3  
  77  9:28  Gateway  
  77  9:31  Gateway  
  77  9:34  Stargate  
  77  9:37  Stargate  
  77  9:39  Stargate  
  77  9:44  Stargate  
  61  10:25  Void Ray (Chrono Boost)  
  61  10:26  Void Ray x3 (Chrono Boost)  
  76  10:45  Dark Templar x4  
  76  10:46  Warp Prism (Chrono Boost), Dark Templar  
  88  11:17  Void Ray  
  88  11:18  Void Ray x2  
  94  11:20  Void Ray  
  94  11:24  Nexus  
  82  11:47  Pylon x2  
  82  11:50  Pylon  
  82  11:52  Pylon  
  82  12:05  Warp Prism  
  82  12:37  Dark Templar x2  
  82  12:38  Dark Templar x2  
  82  12:39  Dark Templar  
Show
View Real Time Build Order
Export as new Build Order

NotMedo Terran 

Build Orders:  

Get SALT Encoding   

  12  0:02  SCV  
  13  0:14  SCV  
  14  0:26  Supply Depot  
  14  0:27  SCV  
  15  0:41  Refinery  
  15  0:48  SCV  
  15  0:49  Barracks  
  16  1:00  SCV  
  17  1:12  SCV  
  18  1:20  Barracks  
  18  1:24  SCV  
  19  1:36  SCV  
  19  1:37  Supply Depot  
  20  1:48  SCV, Refinery  
  21  1:55  Reaper  
  21  2:00  SCV  
  23  2:11  Barracks Tech Lab  
  23  2:12  SCV  
  24  2:25  SCV  
  26  2:37  SCV  
  26  2:40  Command Center  
  26  2:44  Marine  
  26  2:49  SCV  
  28  3:02  Marine  
  28  3:05  Refinery  
  31  3:06  Marauder  
  31  3:15  Factory  
  31  3:25  Supply Depot  
  31  3:30  Refinery  
  31  3:46  Marine  
  31  3:48  Supply Depot  
  32  4:04  Marine  
  32  4:17  Factory Tech Lab  
  32  4:21  Marine  
  32  4:22  Marauder  
  32  4:23  SCV  
  36  4:26  SCV  
  37  4:35  SCV  
  38  4:38  SCV  
  38  4:39  Marine  
  38  4:42  Cyclone  
  38  4:43  Marauder  
  45  4:47  SCV  
  45  4:50  SCV  
  47  4:57  Marine  
  47  4:59  SCV, Barracks  
  49  5:04  Marauder  
  51  5:11  SCV  
  52  5:14  Cyclone  
  52  5:15  Marine  
  56  5:23  SCV  
  56  5:26  Marauder  
  59  5:31  Starport  
  59  5:33  Marine  
  59  5:35  SCV  
  61  5:36  SCV  
  61  5:38  Engineering Bay  
  62  5:53  Supply Depot  
  62  6:00  Supply Depot  
  62  6:07  Terran Infantry Weapons Level 1  
  62  6:14  Marine, SCV, Cyclone  
  62  6:15  Supply Depot, Marauder  
  69  6:19  Starport Tech Lab, Infernal Pre-Igniter  
  69  6:27  SCV  
  69  6:29  Marine  
  69  6:32  Marine  
  72  6:38  Marauder  
  74  6:41  SCV  
  74  6:43  SCV  
  74  6:47  Marine, Cyclone  
  79  6:50  Marine  
  81  6:59  Supply Depot  
  81  7:08  Marine  
  82  7:14  Barracks Reactor  
  82  7:22  Supply Depot  
  82  7:24  Banshee  
  85  7:38  SCV  
  85  7:41  Command Center  
  85  7:42  Orbital Command  
  86  7:50  SCV, Barracks Reactor  
  87  7:52  Marine  
  87  7:54  Marine  
  89  8:01  Terran Infantry Armor Level 1  
  89  8:03  Cyclone  
  92  8:07  Banshee  
  92  8:10  Marine  
  92  8:12  Marine  
  97  8:28  Marine  
  97  8:30  Armory  
  98  8:34  Fusion Core  
  92  8:52  Banshee  
  92  9:07  Cyclone  
  95  9:10  Marine  
  95  9:12  Marine x2  
  98  9:27  Marine  
  99  9:43  Supply Depot  
  99  9:45  Marine  
  100  9:55  Terran Infantry Weapons Level 2  
  100  9:57  Banshee  
  100  10:01  Cyclone  
  100  10:03  Marine  
  100  10:06  Supply Depot  
  98  10:21  Marine  
  89  10:30  Supply Depot  
  89  10:33  Cyclone  
  92  10:40  Banshee  
  95  10:45  SCV  
  96  10:51  Marine  
  96  10:53  Marine  
  98  10:57  SCV  
  99  11:05  Cyclone  
  99  11:09  Marine, SCV  
  98  11:21  SCV  
  98  11:23  Battlecruiser  
  105  11:26  Marine  
  97  11:34  SCV  
  97  11:38  Cyclone  
  74  11:44  Marine  
  69  11:52  Marine x2  
  71  12:02  Marine  
  72  12:09  Thor  
  72  12:10  Marine x2  
  80  12:20  Marine  
  81  12:28  Marine x2  
  89  12:38  Marine  
  89  12:45  Marine  
  89  12:46  Marine  
  86  12:51  SCV  
  86  12:55  Marine  
  93  12:59  SCV  
  93  13:03  Marine, SCV  
  71  13:11  SCV  
  62  13:15  SCV  
Tags
 
Add a new tag
Caveats
  • Supply blocks, unpowered buildings, or Contaminate may cause inaccurate times.
  • Supply counts are checked every 10 seconds.